cohdb
Replays
Latest Replays
All Replays
Popular Replays
Top Player Replays
Match Explorer
How It Works
Community
CoH3 Stats
Reddit
Sign in to upload your games and track your stats! →
Sign in with Steam
Match 43936524
Unlisted
Match 43936524
Overview
Messages
Build Orders
End
Kradschützen Motorcycle Team
Selects Italian Infantry
Panzergrenadier Squad
Panzergrenadier Squad
Construct Light Support Kompanie
2.5-tonne Medical Truck
Combat Half-tracks
Fire Support Elements
Selects Guastatori Squad
Assault Mechanized Group
Guastatori Squad
Flakvierling Half-track
Selects Defensive Operations
Veteran Squad Leaders
Pak 38 Mechanized Group
Selects Prepared Positions
Selects Registered Artillery
Vehicle Survival Package
Selects Towed Cannone da 105/28 Field Howitzer
Construct Panzerarmee Kommand
Flak 36 Anti-tank Gun Team
Armored Reserves
Selects Obice 305mm Barrage
Tiger Heavy Tank
Advanced Optics
Prince Farming
Oncle-Hô
Skirater
Khattab
0
0
Comments
sign in to comment!
No comments posted yet!